Map: Pillars of Gold LE

Players

INnoVation - Winner!

  • Race: Terran Terran
  • League: Master
  • Spawn Location: 1:00

Solar

  • Race: Zerg Zerg
  • League: Master
  • Spawn Location: 7:00

Event: StayAtHomestory Cup #2

VOD

Have the link to the VOD?

Description

Time

  • Played on: June 13, 2020, 2:52 p.m.
  • Length: 16:57

All games in this series

Show
View Real Time Build Order
Export as new Build Order

INnoVation Terran - Winner!

Build Orders: Liberator Opening, Reaper Expand 

Get SALT Encoding   

  12  0:00  SCV  
  13  0:13  SCV  
  14  0:18  Supply Depot  
  14  0:25  SCV  
  15  0:39  SCV  
  15  0:40  Barracks  
  16  0:44  Refinery  
  16  0:51  SCV  
  17  1:03  SCV  
  18  1:15  SCV  
  19  1:27  Reaper, Orbital Command  
  20  1:42  Command Center  
  20  1:54  SCV, Supply Depot  
  21  1:59  Marine  
  22  2:06  SCV  
  23  2:17  Marine  
  23  2:18  SCV, Factory  
  25  2:30  SCV  
  25  2:37  Barracks Reactor  
  26  2:42  SCV  
  27  2:48  Command Center  
  27  2:55  Orbital Command  
  27  2:57  SCV  
  28  3:05  Starport  
  28  3:09  Refinery  
  28  3:11  SCV  
  29  3:18  Hellion  
  31  3:21  Hellion  
  31  3:24  SCV  
  31  3:25  SCV  
  35  3:37  SCV x2  
  37  3:45  Hellion x2  
  43  3:49  SCV x2  
  43  3:50  Barracks Tech Lab  
  45  4:00  Orbital Command  
  45  4:04  Liberator  
  45  4:05  SCV x2  
  45  4:08  Hellion x2  
  52  4:10  Stimpack  
  52  4:17  SCV x2, Supply Depot, Marine  
  54  4:26  Orbital Command  
  54  4:29  SCV x2  
  56  4:32  Barracks  
  56  4:36  Marine  
  57  4:39  Factory Tech Lab  
  57  4:40  Supply Depot, Barracks  
  57  4:41  SCV x2  
  59  4:48  Starport Reactor, Engineering Bay x2  
  59  4:53  SCV x2  
  59  4:54  Marine  
  59  4:56  Refinery  
  62  5:00  Refinery  
  62  5:01  SCV  
  62  5:03  Supply Depot  
  62  5:04  Siege Tank  
  62  5:05  SCV  
  67  5:12  Marine  
  67  5:13  SCV  
  67  5:14  SCV  
  70  5:17  SCV  
  70  5:20  Terran Infantry Weapons Level 1  
  71  5:25  SCV  
  71  5:26  SCV  
  73  5:30  Starport Reactor, Marine x2  
  73  5:31  Marine  
  73  5:32  Terran Infantry Armor Level 1  
  73  5:33  SCV  
  77  5:37  SCV  
  77  5:38  SCV  
  77  5:40  Supply Depot, Siege Tank  
  77  5:41  Marine  
  77  5:42  Supply Depot, Marine  
  84  5:44  Supply Depot  
  84  5:47  SCV  
  85  5:51  Supply Depot  
  85  5:53  Combat Shield  
  85  6:01  SCV x2, Marine x5  
  85  6:03  SCV  
  93  6:05  Supply Depot  
  93  6:06  Medivac  
  93  6:08  Medivac  
  97  6:13  SCV x2  
  97  6:17  SCV  
  97  6:18  Barracks x2  
  100  6:19  Marine  
  100  6:21  Siege Tank  
  104  6:25  SCV x2  
  104  6:28  Supply Depot  
  106  6:36  SCV  
  106  6:37  Marine x3  
  106  6:38  SCV x2, Marine x2  
  114  6:42  Supply Depot x2, Medivac x2  
  118  6:50  Armory  
  118  6:52  SCV x3  
  121  6:57  Refinery, Marine x5  
  126  7:02  Siege Tank  
  129  7:12  SCV x3  
  129  7:14  Supply Depot  
  129  7:15  Barracks Reactor x2, Refinery  
  132  7:16  Supply Depot  
  132  7:19  Marine x4  
  132  7:20  Marine  
  137  7:26  Missile Turret  
  137  7:37  Marine x4  
  137  7:38  Marine  
  131  7:49  Terran Infantry Armor Level 2, Terran Infantry Weapons Level 2  
  122  7:54  Siege Tank  
  122  7:55  Marine x5  
  130  7:59  Medivac x2  
  130  8:01  Marine x4  
  138  8:11  Supply Depot  
  134  8:13  Marine x5  
  134  8:15  Factory  
  134  8:19  Marine x4  
  143  8:23  Drilling Claws  
  143  8:26  Command Center  
  143  8:30  Marine  
  143  8:31  Marine x4, Thor  
  143  8:33  Supply Depot  
  154  8:36  Marine  
  154  8:37  Marine  
  156  8:41  Marine x2  
  156  8:44  Medivac x2  
  162  8:48  Missile Turret, Marine x3  
  162  8:49  Supply Depot  
  165  8:59  Factory Reactor  
  165  9:04  Barracks  
  165  9:05  Barracks  
  165  9:07  Barracks  
  165  9:10  Missile Turret  
  165  9:14  Thor  
  165  9:15  Concussive Shells  
  171  9:22  Sensor Tower  
  171  9:23  Supply Depot x2  
  171  9:29  Marine  
  171  9:30  Marauder, Marine x4  
  178  9:33  Terran Vehicle And Ship Armor Level 1  
  178  9:37  Widow Mine x2  
  186  9:52  Marauder, Barracks Tech Lab x2  
  188  9:53  Barracks Tech Lab  
  188  9:54  Marine x6  
  188  9:57  Planetary Fortress  
  194  10:00  Missile Turret  
  194  10:06  Thor  
  200  10:09  Terran Infantry Weapons Level 3  
  200  10:10  Terran Infantry Armor Level 3  
  200  10:12  Widow Mine  
  198  10:14  Widow Mine  
  200  10:22  Missile Turret  
  200  10:30  Marine  
  178  10:36  Marauder x3  
  178  10:40  Widow Mine  
  167  10:55  Marauder, Marine  
  167  10:56  Marine x7  
  150  10:57  Marauder x2, Marine  
  140  11:06  Widow Mine x2, Thor  
  140  11:07  SCV x2  
  140  11:08  SCV  
  139  11:13  Medivac, Marine x3  
  139  11:14  Marine x5  
  139  11:15  Medivac, Marine  
  139  11:16  Marine  
  152  11:18  Marine x2  
  152  11:20  Refinery  
  154  11:27  SCV  
  154  11:28  Command Center  
  154  11:31  Marine x5  
  154  11:32  Widow Mine x2  
  164  11:33  Marauder  
  164  11:34  Marauder  
  164  11:36  Marauder  
  164  11:39  Marauder, Marine  
  173  11:40  Marine x2  
  173  11:44  SCV  
  174  11:48  Missile Turret  
  174  11:49  Missile Turret, Marine x2  
  174  11:52  Thor  
  174  11:53  Widow Mine x2  
  174  11:54  Marine  
  185  11:55  Marauder  
  185  11:56  Marauder  
  185  11:57  Marine x5  
  185  12:00  Medivac  
  196  12:03  Medivac  
  198  12:16  Widow Mine  
  198  12:21  Marauder x3  
  196  12:24  Marine x4  
  200  12:30  Command Center  
  200  12:36  Barracks  
  196  12:37  Barracks  
  196  12:44  Medivac x2  
  181  12:46  Marauder x3  
  181  12:50  Marine x8  
  189  12:55  Thor  
  189  13:08  Marauder x3, Marine x2  
  189  13:09  Marauder, Marine  
  199  13:22  Barracks Tech Lab  
  199  13:32  Marine  
  178  13:42  Thor  
  178  13:43  Medivac x2, Widow Mine x2  
  178  13:44  Marauder, Barracks Tech Lab  
  178  13:45  Marauder x2, Marine x3  
  178  13:46  Marauder x2, Marine x4  
  198  13:54  Planetary Fortress  
  177  14:06  Marauder x3  
  177  14:07  Marauder  
  177  14:09  Planetary Fortress  
  167  14:10  SCV x4  
  167  14:14  Medivac  
  167  14:15  Medivac  
  175  14:22  SCV x4, Marauder  
  174  14:25  Marine x3  
  174  14:27  Marauder, Marine x2  
  174  14:28  Marauder, Widow Mine  
  174  14:29  Widow Mine  
  174  14:30  Widow Mine  
  174  14:31  Marine x3  
  179  14:34  Marauder  
  179  14:35  SCV x2  
  179  14:37  Marauder  
  187  14:39  Marauder  
  187  14:42  Marine  
  187  14:43  Marine  
  191  14:48  Medivac x2  
  191  14:50  Widow Mine x2  
  191  15:07  Marauder x2  
  191  15:08  Command Center, Marauder x2  
  199  15:17  Thor  
  199  15:18  Widow Mine x2  
  199  15:19  Medivac  
  199  15:20  Medivac, Marauder x2, Marine  
  165  15:21  Marine  
  160  15:29  Marauder x4  
  160  15:35  Marine x5  
  161  15:36  Marine  
  161  15:40  SCV x4  
  161  15:42  Marauder x2  
  175  15:44  Widow Mine  
  175  15:45  Widow Mine  
  175  15:49  Medivac  
  177  15:50  Medivac, Marauder x4  
  177  15:54  Marine  
  188  15:59  SCV x2  
  188  16:00  SCV, Marine x2  
  188  16:02  Marine  
  188  16:03  Marauder x2  
  198  16:07  Widow Mine  
  187  16:20  Planetary Fortress, Marauder, Marine x2  
  187  16:22  Widow Mine x2  
  187  16:24  Medivac x2  
  192  16:28  Widow Mine  
  192  16:29  Marauder  
  192  16:30  Marauder x3  
  200  16:35  Command Center  
Show
View Real Time Build Order
Export as new Build Order

Solar Zerg 

Build Orders: Hatch First, Muta Ling Bane 

Get SALT Encoding   

  12  0:01  Drone  
  13  0:12  Overlord  
  13  0:17  Drone  
  14  0:31  Drone x2  
  16  0:49  Hatchery  
  15  0:52  Drone  
  15  0:55  Drone  
  17  0:59  Drone  
  18  1:09  Extractor  
  17  1:15  Spawning Pool  
  17  1:18  Drone  
  17  1:22  Drone  
  18  1:29  Drone  
  19  1:39  Drone  
  20  1:59  Overlord  
  20  2:01  Queen x2  
  20  2:02  Zergling x4  
  26  2:12  Drone x2  
  28  2:16  Metabolic Boost  
  28  2:33  Hatchery  
  28  2:36  Drone  
  27  2:38  Drone  
  28  2:46  Queen  
  28  2:49  Drone  
  31  2:53  Overlord  
  31  2:57  Drone  
  32  2:58  Drone  
  32  3:01  Drone  
  32  3:05  Drone  
  35  3:12  Drone x3  
  38  3:13  Drone  
  38  3:16  Drone  
  40  3:21  Queen  
  40  3:25  Overlord  
  42  3:30  Drone  
  43  3:34  Overlord  
  43  3:44  Queen  
  43  3:45  Drone  
  43  3:46  Drone x2  
  43  3:47  Zergling x2  
  43  3:48  Zergling x4  
  51  3:50  Drone  
  51  3:53  Drone x3  
  55  3:57  Overlord  
  55  3:58  Zergling x2  
  55  4:02  Drone  
  57  4:07  Spore Crawler  
  56  4:11  Drone  
  56  4:16  Drone x3  
  60  4:17  Queen  
  60  4:19  Overlord  
  60  4:21  Spore Crawler  
  61  4:24  Drone x2  
  61  4:25  Extractor  
  61  4:31  Drone x3  
  65  4:35  Overlord, Evolution Chamber  
  65  4:38  Evolution Chamber  
  63  4:39  Zergling x4  
  63  4:40  Drone  
  63  4:41  Drone  
  63  4:43  Drone  
  63  4:44  Drone  
  63  4:45  Drone  
  70  4:48  Overlord  
  70  4:54  Drone x2  
  72  5:01  Drone x8  
  72  5:06  Zerg Ground Armor Level 1  
  80  5:10  Zerg Melee Weapons Level 1  
  80  5:11  Drone x2  
  80  5:12  Drone  
  83  5:16  Lair  
  83  5:19  Drone x2  
  83  5:20  Extractor  
  84  5:21  Drone, Extractor x2  
  84  5:23  Extractor  
  84  5:27  Baneling Nest  
  81  5:31  Drone x3  
  81  5:33  Zergling x6  
  87  5:36  Overlord  
  87  5:38  Drone  
  87  5:41  Zergling x4  
  90  5:46  Overlord  
  90  5:50  Overlord  
  90  5:55  Drone x3  
  93  5:58  Overlord  
  93  6:00  Hatchery  
  93  6:01  Zergling x8  
  93  6:02  Zergling x2  
  97  6:08  Zergling x10  
  97  6:09  Zergling x2  
  103  6:17  Spire  
  100  6:27  Centrifical Hooks  
  100  6:29  Drone  
  100  6:30  Zergling x14  
  108  6:34  Drone x2  
  108  6:35  Baneling x4  
  108  6:36  Baneling  
  108  6:37  Baneling x2  
  108  6:38  Baneling  
  110  6:41  Overlord  
  110  6:43  Baneling  
  110  6:44  Zergling x6  
  110  6:45  Zergling x2  
  114  6:48  Zergling x4  
  114  6:49  Zergling x2  
  114  6:51  Zergling x2  
  114  6:53  Overlord  
  117  6:55  Overlord  
  117  7:15  Overlord  
  117  7:16  Zerg Ground Armor Level 2, Zerg Melee Weapons Level 2  
  117  7:21  Queen  
  117  7:22  Drone x2  
  121  7:23  Drone x2  
  123  7:30  Zergling x2  
  123  7:31  Zergling x6, Mutalisk x6  
  123  7:34  Mutalisk x2  
  141  7:37  Mutalisk  
  141  7:43  Mutalisk  
  135  7:49  Drone x3  
  135  7:51  Mutalisk  
  131  7:54  Zergling x16  
  131  7:56  Overlord  
  141  7:59  Extractor  
  141  8:05  Drone x3  
  143  8:06  Drone  
  143  8:09  Zerg Flyer Weapons Level 1  
  144  8:15  Infestation Pit  
  144  8:16  Zergling x6  
  144  8:18  Baneling  
  144  8:19  Baneling x6  
  145  8:25  Drone x3  
  148  8:29  Overlord  
  148  8:32  Overlord  
  148  8:33  Mutalisk x2  
  152  8:39  Zergling x18  
  159  8:41  Baneling x5  
  159  8:45  Mutalisk x2  
  163  8:48  Drone  
  163  8:51  Zergling x2  
  163  8:54  Zergling x6  
  168  8:56  Pneumatized Carapace  
  168  8:57  Hatchery  
  168  8:58  Overlord  
  168  8:59  Overseer  
  168  9:01  Drone  
  168  9:02  Drone x2  
  170  9:04  Drone  
  170  9:05  Overlord  
  170  9:08  Overlord  
  171  9:13  Hive  
  171  9:14  Drone x2  
  171  9:15  Drone x2  
  183  9:24  Zergling x2  
  183  9:25  Zergling x2  
  183  9:26  Overseer  
  185  9:31  Drone x2  
  185  9:36  Zergling x16  
  187  9:46  Zergling x16  
  187  9:51  Mutalisk  
  197  9:56  Drone x2  
  197  9:58  Baneling x10  
  199  10:08  Hatchery  
  198  10:15  Zergling x2  
  198  10:16  Hatchery, Baneling x2  
  198  10:29  Overlord  
  190  10:38  Zergling x44  
  190  10:42  Baneling x7  
  193  10:44  Zergling x2  
  177  10:53  Zergling x14  
  177  10:54  Zergling x6  
  177  10:56  Baneling x18  
  162  11:00  Mutalisk x3  
  156  11:06  Mutalisk x3  
  156  11:08  Overseer  
  156  11:10  Overseer x2  
  143  11:15  Zergling x8  
  143  11:16  Adrenal Glands, Zerg Flyer Weapons Level 2  
  143  11:17  Ultralisk Cavern  
  145  11:21  Zergling x6  
  148  11:26  Zergling x4  
  148  11:28  Zergling x4  
  148  11:32  Zergling x8  
  156  11:36  Zerg Melee Weapons Level 3, Zerg Ground Armor Level 3  
  156  11:37  Zergling x4  
  158  11:42  Zergling x8  
  158  11:43  Zergling x2  
  163  11:51  Drone  
  163  11:52  Zergling x20  
  163  11:53  Zergling x4  
  176  12:06  Drone  
  176  12:07  Drone x2  
  177  12:08  Ultralisk x2  
  177  12:09  Zergling x12, Ultralisk, Spore Crawler  
  177  12:14  Chitinous Plating  
  200  12:22  Overlord  
  199  12:24  Overlord  
  199  12:26  Overlord  
  199  12:28  Overlord  
  198  12:30  Overseer, Baneling x10  
  169  12:46  Zergling x50, Ultralisk  
  169  12:49  Baneling x7  
  193  12:57  Zergling x10  
  198  13:05  Drone  
  193  13:06  Drone  
  193  13:07  Zergling x12  
  193  13:08  Spore Crawler  
  193  13:09  Zergling x2  
  193  13:11  Baneling x6  
  193  13:12  Overseer  
  200  13:24  Baneling x6  
  200  13:27  Spore Crawler  
  194  13:29  Zergling x22  
  194  13:33  Zergling x2  
  200  13:39  Corruptor x6  
  185  13:41  Zergling x2  
  185  13:42  Zergling x16  
  185  13:45  Zergling x4  
  188  13:52  Corruptor x2  
  179  13:55  Zergling x2  
  179  13:56  Zergling x2  
  179  13:59  Zergling x8  
  163  14:11  Zergling x12  
  163  14:14  Zergling x6, Hatchery  
  171  14:19  Zergling x4  
  169  14:27  Zergling x8, Ultralisk  
  176  14:34  Baneling x19  
  176  14:39  Zergling x8  
  180  14:51  Anabolic Synthesis  
  180  14:53  Zergling x6  
  180  14:58  Zergling x8  
  183  15:03  Zergling x8  
  183  15:05  Hatchery  
  179  15:08  Baneling x9  
  179  15:12  Zergling x8  
  181  15:18  Zergling x2  
  157  15:24  Zergling x20  
  157  15:27  Zergling x4  
  155  15:37  Hatchery  
  154  15:50  Hatchery  
  154  15:51  Baneling x4  
  153  15:57  Zergling x24  
  153  16:01  Zergling x4  
  153  16:02  Zergling x2  
  154  16:22  Hatchery  
  154  16:24  Hatchery, Zergling x2  
  154  16:25  Zergling x8  
  145  16:30  Baneling x4  
  145  16:31  Baneling x5  
  133  16:33  Zergling x2  
  133  16:36  Baneling x4  
  131  16:40  Zergling x2  
Tags
 
Add a new tag
Caveats
  • Supply blocks, unpowered buildings, or Contaminate may cause inaccurate times.
  • Supply counts are checked every 10 seconds.